 Dungeon Crawl Stone Soup version 0.21.1-1-g345015f (webtiles) character file.

490 Hebeh the Cleaver (level 6, -6/55 HPs)
             Began as a Deep Dwarf Fighter on June 17, 2018.
             Mangled by Sigmund
             ... wielding a +0 scythe
              (7 damage)
             ... on level 4 of the Dungeon.
             The game lasted 00:14:50 (2971 turns).

Hebeh the Cleaver (Deep Dwarf Fighter)              Turns: 2971, Time: 00:14:51

Health: -6/55      AC:  9    Str: 22    XL:     6   Next: 90%
Magic:  1/1        EV:  5    Int:  8    God:
Gold:   150        SH: 10    Dex: 12    Spells: 5/5 levels left

rFire    . . .     SeeInvis .   y - -1 short sword (curse)
rCold    + . .     Gourm    .   c - +1 shield
rNeg     . . .     Faith    .   A - +0 chain mail {rC+}
rPois    .         Spirit   .   (no helmet)
rElec    .         Reflect  .   (no cloak)
rCorr    .         Harm     +   (no gloves)
MR       .....                  (no boots)
Stlth    ..........             u - amulet of harm
HPRegen  0.00/turn              w - ring of fire
MPRegen  0.07/turn              o - ring of ice

@: lethally poisoned (-6 -> -6), non-regenerating
A: damage resistance, heal wounds, sense surroundings 1, no regeneration
a: Heal Wounds


You were on level 4 of the Dungeon.
You were hungry.

You visited 1 branch of the dungeon, and saw 5 of its levels.

You collected 150 gold pieces.

Inventory:

Hand Weapons
 a - a +1 war axe
 v - a +0 short sword of venom
 y - a cursed -1 short sword (weapon)
Missiles
 e - 175 stones (quivered)
Armour
 b - a +0 scale mail
 c - a +1 shield (worn)
 A - a +0 chain mail of cold resistance (worn)
Jewellery
 g - an uncursed ring of wizardry
 o - a ring of ice (right hand)
 u - an amulet of harm (around neck)
 w - a ring of fire (left hand)
Scrolls
 i - 8 scrolls of identify
 k - a scroll of enchant armour
 n - 2 scrolls of teleportation
 q - a scroll of enchant weapon
Potions
 d - a potion of might
 h - 2 potions of mutation {unknown}
 j - 4 potions of curing {unknown}
 l - 2 potions of haste {unknown}
 m - 2 potions of degeneration {unknown}
 p - a potion of flight {unknown}
 s - a potion of cancellation {unknown}
 t - 3 potions of lignification {unknown}
 z - a potion of heal wounds {unknown}
Books
 x - a book of Callings

   Spells                             Type                      Level
   a - Summon Small Mammal            Summoning                    1
   b - Call Imp                       Summoning                    2
   c - Call Canine Familiar           Summoning                    3
   d - Summon Guardian Golem          Hexes/Summoning              3
   e - Summon Lightning Spire         Summoning/Air                4
   f - Summon Ice Beast               Ice/Summoning                4
Comestibles
 f - 5 rations


   Skills:
 - Level 2.6 Fighting
 * Level 8.3 Axes
 - Level 3.2 Armour
 - Level 3.2 Shields


You had 5 spell levels left.
You didn't know any spells.

Dungeon Overview and Level Annotations

Branches:
Dungeon (5/15)
 Temple: D:4-7

Altars:
Elyvilon
Ru

Annotations:
D:4 Sigmund


Innate Abilities, Weirdness & Mutations

You are resistant to damage.
You can heal yourself by infusing magical energy.
You passively map a small area around you.
You do not regenerate.


Message History

The worker ant bites you but does no damage.
The worker ant bites you.
You puncture the worker ant!
You kill the worker ant!
Something hits you but does no damage. Something hits you but does no damage.
You see here a worker ant corpse.
You barely miss something. Something hits you but does no damage.
You hit something.
Your shield and chain mail prevent you from hitting something.
You hear some strange, mumbled words.
Something tries to affect you, but you resist.
Something hits you but does no damage.
You miss something. You completely miss something.
You hear some strange, mumbled words.
A puff of flame appears from out of thin air!
You block the puff of flame.
You closely miss something. Something hits you!
You die...

....# #.................#
....###.......#.........##
......'...................
,
....###....)#............#
....# #.....##...........#
, ....#
########...........# ,,
.(..# ##.####.....# ....#
#..# *......, , ....#
##@## ...... #####
######{.# ,....., , ,
######### #.......# ###.Z
........# #.$.....#* * ..
........# #.......#* , ,
........# #........#,
........# #........#
........# ########.#
........# ..


There were no monsters in sight!

Vanquished Creatures
  A phantom (D:4)
  An ogre (D:5)
  An orc priest (D:3)
  2 centaur skeletons (D:4)
  2 orc wizards (D:4)
  3 worker ants (D:4)
  2 adders (D:3)
  4 worms
  3 leopard geckos
  11 orcs
  5 giant cockroaches
  5 goblins
  6 hobgoblins
  7 jackals
  7 bats
  4 frilled lizards
  6 kobolds
  3 rats
73 creatures vanquished.

Notes
Turn   | Place    | Note
-------+----------+-------------------------------------------
     0 | D:1      | Hebeh the Deep Dwarf Fighter began the quest for the Orb.
     0 | D:1      | Reached XP level 1. HP: 20/20 MP: 1/1
   484 | D:1      | Reached skill level 3 in Axes
   484 | D:1      | Reached XP level 2. HP: 22/27 MP: 2/2
  1001 | D:2      | Found a white marble altar of Elyvilon.
  1117 | D:2      | Reached XP level 3. HP: 19/33 MP: 3/3
  1171 | D:2      | Reached skill level 4 in Axes
  1497 | D:3      | Reached skill level 5 in Axes
  1497 | D:3      | Reached XP level 4. HP: 30/40 MP: 3/3
  1864 | D:3      | Found a sacrificial altar of Ru.
  2294 | D:4      | Reached skill level 6 in Axes
  2294 | D:4      | Reached XP level 5. HP: 22/46 MP: 4/4
  2647 | D:4      | Reached skill level 7 in Axes
  2647 | D:4      | Reached XP level 6. HP: 38/55 MP: 5/5
  2770 | D:5      | Entered Level 5 of the Dungeon
  2911 | D:4      | Reached skill level 8 in Axes
  2935 | D:4      | Noticed Sigmund
  2957 | D:4      | HP: 1/55 [something (5)]
  2971 | D:4      | Mangled by Sigmund

Skill      XL: |  1  2  3  4  5  6 |
---------------+-------------------+-----
Axes           | 3 5 6 7 8 |  8.3
Fighting       | |  2.6
Armour         | |  3.2
Shields        | |  3.2

Action                   |  1- 3 |  4- 6 || total
-------------------------+-------+-------++-------
Melee: War axe           |   137 |    24 ||   161
       Short sword       |       |   340 ||   340
 Abil: Heal Wounds       |     5 |    11 ||    16
  Use: Scroll            |       |     7 ||     7
  Eat: Chunk             |     2 |     5 ||     7
Armor: Scale mail        |    63 |     5 ||    68
       Chain mail        |       |   174 ||   174
Dodge: Dodged            |    47 |    71 ||   118
Block: Shield            |    79 |   201 ||   280
